 Dungeon Crawl Stone Soup version 0.17.0-28-g6e173f8 (webtiles) character file.

45 DeXoteric the Cutter (level 3, 0/23 HPs)
             Began as a Kobold Berserker on Nov 24, 2015.
             Was a Believer of Trog.
             Succumbed to an adder's poison
             ... on level 2 of the Dungeon.
             The game lasted 00:03:57 (1974 turns).

DeXoteric the Cutter (Kobold Berserker)             Turns: 1974, Time: 00:03:57

Health: 0/23       AC:  2    Str: 15    XL:     3   Next: 90%
Magic:  3/3        EV: 15    Int:  5    God:    Trog [**....]
Gold:   132        SH:  0    Dex: 16    Spells: 0 memorised, 2 levels left

rFire  . . .     SeeInvis .     i - +0 dagger
rCold  . . .     Clarity  .     b - +0 animal skin
rNeg   . . .     SustAt   .     (shield restricted)
rPois  .         Gourm    .     (no helmet)
rElec  .         Spirit   .     (no cloak)
rCorr  .         Warding  .     (no gloves)
rMut   .         Stasis   .     (no boots)
MR     .....                    (no amulet)
Stlth  +++.......               (no ring)
                                (no ring)

@: lethally poisoned (0 -> -2), not resistant to hostile enchantments, fairly
stealthy
A: carnivore 3
a: Berserk, Trog's Hand, Burn Spellbooks, Renounce Religion


You were on level 2 of the Dungeon.
You worshipped Trog.
Trog was pleased with you.
You were full.

You visited 1 branch of the dungeon, and saw 2 of its levels.

You collected 132 gold pieces.

Inventory:

Hand Weapons
 i - a +0 dagger (weapon)
Armour
 b - a +0 animal skin (worn)
Scrolls
 j - a scroll of magic mapping {unknown}
 k - a scroll of random uselessness {unknown}
 m - a scroll of identify {unknown}
 o - a scroll of noise {unknown}
 p - a scroll of remove curse {unknown}
 q - a scroll of teleportation {unknown}
Potions
 d - 2 potions of might {unknown}
 e - 2 potions of flight {unknown}
 f - a potion of magic {unknown}
 g - a potion of ambrosia {unknown}
 l - a potion of lignification {unknown}
 n - a potion of degeneration {unknown}
Comestibles
 c - a meat ration
 h - a beef jerky


   Skills:
 - Level 3.2 Fighting
 + Level 4.7 Short Blades
 - Level 1.5 Armour
 - Level 2.4 Dodging
 * Level 3.7 Stealth


You had 2 spell levels left.
You didn't know any spells.

Dungeon Overview and Level Annotations

Branches:
Dungeon (2/15)

Altars:
Trog


Innate Abilities, Weirdness & Mutations

You are small and have problems with some larger weapons.
You are carnivorous and can eat meat at any time.


Message History

You are too injured to fight recklessly!
* * * LOW HITPOINT WARNING * * *
You feel sick. The bat closely misses you. The bat hits you but does no damage.
The adder closely misses you. The bat completely misses you.
Read which item? (? for menu, Esc to quit)
Okay, then.
* * * LOW HITPOINT WARNING * * *
You feel sick. The adder closely misses you.
* * * LOW HITPOINT WARNING * * *
You feel sick. The adder bites you but does no damage.
* * * LOW HITPOINT WARNING * * *
You feel sick. The adder completely misses you.
* * * LOW HITPOINT WARNING * * *
You feel sick. The adder barely misses you.
You see here a dagger.
You die...

..$## ._..# ..%.###
......# #. ....# #.# #
....# #.# .# ...## #.#
####.# # ..g####
#.###....# .#
......#.####.##.K#
####..# ....#.#
...#.##)## ####.....###
....#.## #.#..S.#
###......[.... ....#g.#
#..g.### ##....####..##.
....##.###....#####..#..#
.##
...###.#....##......#..##
#
..####............###.##
.........>#######.....#
#######<..## ####..## #


You could see an adder and a hobgoblin.

Vanquished Creatures
  2 adders (D:2)
  2 giant geckos
  A bat (D:2)
  2 giant cockroaches (D:1)
  3 goblins (D:1)
  2 hobgoblins (D:1)
  2 jackals (D:2)
  5 kobolds
  2 ball pythons
  4 giant newts
  A rat (D:2)
26 creatures vanquished.

Notes
Turn   | Place    | Note
--------------------------------------------------------------
     0 | D:1      | DeXoteric the Kobold Berserker began the quest for the Orb.
     0 | D:1      | Reached XP level 1. HP: 14/14 MP: 1/1
   115 | D:1      | Reached skill level 1 in Stealth
   157 | D:1      | Reached XP level 2. HP: 10/19 MP: 2/2
  1134 | D:2      | Reached XP level 3. HP: 23/23 MP: 3/3
  1914 | D:2      | Found a bloodstained altar of Trog.
  1919 | D:2      | Reached ** piety under Trog
  1966 | D:2      | HP: 1/23 [poisoned by an adder]
  1974 | D:2      | Succumbed to an adder's poison

Action                   || total
-------------------------++-------
Melee: Short sword       ||    40
       Dagger            ||    86
Invok: Berserk           ||     2
 Stab: Sleeping          ||     5
       Distracted        ||     1
  Eat: Chunk             ||    11
